 Dungeon Crawl Stone Soup version 0.31-a0-851-g7ff8af7976 (webtiles) character file.

Game seed: 3711364837084961863

1157 Flugkiller the Poker (level 8, 5/67 HPs)
             Began as a Yellow Draconian Reaver on Oct 7, 2023.
             Was an Initiate of Gozag.
             Quit the game on level 7 of the Dungeon.
             The game lasted 00:08:47 (5314 turns).

Flugkiller the Poker (Yellow Draconian Reaver)      Turns: 5314, Time: 00:08:47

Health: 5/67       AC:  7    Str: 14    XL:     8   Next: 16%
Magic:  12/13      EV: 12    Int: 13    God:    Gozag
Gold:   371        SH:  0    Dex: 13    Spells: 11/14 levels left

rFire   . . .        b - +0 trident
rCold   . . .        (no shield)
rNeg    . . .        (body armour unavailable)
rPois   .            (helmet restricted)
rElec   .            f - +0 cloak
rCorr   +            (no gloves)
SInv    .            (no boots)
Will    .....        (no amulet)
Stlth   +            (no ring)
HPRegen 0.31/turn    (no ring)
MPRegen 0.13/turn

%: no passive effects
@: brilliant, lethally poisoned (5 -> -4)
A: spit acid, AC +6, unfitting armour, cold-blooded, acid resistance
a: Breathe Acid, Renounce Religion, Potion Petition, Call Merchant, Bribe Branch


You were on level 7 of the Dungeon.
You worshipped Gozag.
Gozag was aware of your devotion.
You visited 2 branches of the dungeon, and saw 9 of its levels.

You collected 436 gold pieces.
You paid 65 gold pieces to Gozag.

Inventory:

Hand Weapons
 b - a +0 trident (weapon)
   (You found it on level 2 of the Dungeon)
Armour
 f - a +0 cloak (worn)
   (You found it on level 7 of the Dungeon)
Scrolls
 a - a scroll of amnesia {unknown}
 c - a scroll of enchant weapon {unknown}
 e - a scroll of immolation
 z - a scroll of blinking
Potions
 d - a potion of brilliance


   Skills:
 + Level 4.8 Fighting
 + Level 6.5 Polearms
 + Level 2.9 Dodging
 + Level 3.7 Spellcasting
 + Level 5.6 Conjurations
 - Level 1.0 Translocations


You had 11 spell levels left.
You knew the following spells:

 Your Spells              Type           Power      Damage    Failure   Level
a - Kiss of Death         Conj/Necr      56%        2d9       7%          1
b - Momentum Strike       Conj/Tloc      32%        3d8       9%          2

Your spell library contained the following spells:

 Spells                   Type           Power      Damage    Failure   Level
 Hailstorm                Conj/Ice       14%        3d5       21%         3
 Wereblood                Tmut           3%         N/A       32%         2
 Irradiate                Conj/Tmut      7%         3d14      88%         5


Dungeon Overview and Level Annotations

Branches:
Dungeon (8/15) Zot: 26677  Temple (1/1) D:4 Zot: 5945
   Lair: D:8-11

Altars:
Ashenzari
Dithmenos
Fedhas
Gozag
Hepliaklqana
Kikubaaqudgha
Nemelex Xobeh
Sif Muna
Uskayaw
Wu Jian
Xom
Yredelemnul
Zin
The Shining One

Shops:
D:1 [


Innate Abilities, Weirdness & Mutations

You can spit globs of acid.
Your golden yellow scales are hard. (AC +6)
You cannot fit into any form of body armour.
You are cold-blooded and may be slowed by cold attacks.
You are resistant to acid. (rCorr)


Message History

The vampire mosquito is lightly damaged.
The vampire mosquito barely misses you.
The vampire mosquito bites you but does no damage.
The water moccasin hisses angrily.
A boulder beetle comes into view.
The vampire mosquito attacks as it pursues you!
The vampire mosquito barely misses you. The vampire mosquito misses you.
You hit the vampire mosquito.
The vampire mosquito is lightly damaged.
The vampire mosquito bites you but does no damage.
The vampire mosquito barely misses you.
You puncture the vampire mosquito!
Your tail-slap misses the vampire mosquito.
The vampire mosquito is moderately damaged.
The vampire mosquito barely misses you.
The vampire mosquito closely misses you.
You miss the vampire mosquito.
Your tail-slap misses the vampire mosquito.
The vampire mosquito is moderately damaged.
The vampire mosquito barely misses you.
You hit the vampire mosquito.
The vampire mosquito is moderately damaged.
The vampire mosquito closely misses you.
The vampire mosquito bites you!
The vampire mosquito draws strength from your injuries!
You are too injured to fight recklessly!
You closely miss the vampire mosquito.
The vampire mosquito is lightly damaged.
The vampire mosquito barely misses you. The vampire mosquito bites you!
The vampire mosquito draws strength from your injuries!
You puncture the vampire mosquito!
The vampire mosquito is moderately damaged.
The vampire mosquito closely misses you.
The vampire mosquito bites you.
The vampire mosquito draws strength from your injuries!
You hit the vampire mosquito but do no damage.
The vampire mosquito is lightly damaged.
The vampire mosquito bites you!
* * * LOW HITPOINT WARNING * * *
The vampire mosquito draws strength from your injuries!
The vampire mosquito bites you.
* * * LOW HITPOINT WARNING * * *
The vampire mosquito draws strength from your injuries!
Okay, then.
Unknown command.
Unknown command.
Okay, then.
Okay, then.
Okay, then.
You aren't carrying any items that you can evoke.
Okay, then.
Okay, then.
You can't do that yet.
You aren't carrying any items that you can evoke.
Okay, then.
You feel clever all of a sudden. The vampire mosquito barely misses you.
The vampire mosquito bites you.
* * * LOW HITPOINT WARNING * * *
The vampire mosquito draws strength from your injuries!
Casting: Momentum Strike (safe; 9% risk of failure)
Confirm with . or Enter, or press ? or * to list all spells.
Aiming: Momentum Strike (safe; 9% risk of failure)
Press: ? - help, Dir - move target, f/p - vampire mosquito
Aim: a vampire mosquito (53% to hit)
You feel a surge of power!
The concentrated momentum hits the vampire mosquito!
The vampire mosquito is moderately damaged.
You are unable to move.
You have got your breath back.
The vampire mosquito closely misses you.
The vampire mosquito barely misses you.
Casting: Momentum Strike (safe; 9% risk of failure)
Confirm with . or Enter, or press ? or * to list all spells.
You can't see any susceptible monsters within range! (Use Z to cast anyway.) Unknown command.
You miss the vampire mosquito.
The vampire mosquito is moderately damaged.
The vampire mosquito closely misses you.
The vampire mosquito bites you!
* * * LOW HITPOINT WARNING * * *
The vampire mosquito draws strength from your injuries!
Blink to where?
Press: ? - help, Dir - move target, p - vampire mosquito
As you read the scroll of blinking, it crumbles to dust.
Unknown command.
Okay, then.
As you read the scroll labelled CYVAIDA KIEDU, it crumbles to dust.
The creatures around you are filled with an inner flame!
It was a scroll of immolation.
You are no longer robbed of momentum.
The water moccasin closely misses you.
An orc wizard comes into view. It is wielding a +0 dagger.
The water moccasin closely misses you.
The water moccasin attacks as it pursues you!
The water moccasin bites you.
* * * LOW HITPOINT WARNING * * *
You are lethally poisoned!
The water moccasin poisons you!
Okay, then.
Are you sure you want to abandon this character and quit the game? (Confirm with "yes".)

#.##### #. #.... ##...## #.#
#..###.##B...... #.#
##..##.#.#.##...# ####.###
##..##..#.#...# #......#
##..##...#.#...#.# ##.##)#.#
#...#....#.#....# ##....)..#
#.#.#####..$#####..#
.....>.#.#####o#.Sy....#.........
##..##...)......@#####...#####..#
#..#....#######.#(...#)#...)#
#.......# #..##...#[#...##
#.......# #...##..#S#..##
#.......# #....##?#.#$## .
#####.### ##.#..###.###... #.#
#.............# #+#
###..<....###.# ##...####


You could see a water moccasin (inner flame), a vampire mosquito (inner flame)
and an orc wizard (wandering).

Vanquished Creatures
  A water moccasin (D:7)
  An orc warrior (D:7)
  2 ogres (D:4)
  2 centaurs
  Blork the orc (D:4)
  2 scorpions
  2 howler monkeys
  A jelly (D:3)
  2 hounds
  An orc priest (D:7)
  A sleepcap (D:3)
  3 orc wizards
  6 adders
  A white imp (D:7)
  2 ufetubi
  2 worms
  2 dart slugs
  11 orcs
  4 ball pythons
  5 bats
  9 endoplasms
  7 giant cockroaches
  5 goblins
  9 hobgoblins
  8 jackals
  2 quokkas (D:1)
  5 frilled lizards
  7 kobolds
  7 rats
111 creatures vanquished.

Notes
Turn   | Place    | Note
-------+----------+-------------------------------------------
     0 | D:1      | Flugkiller the Draconian Reaver began the quest for the
                  | Orb.
     0 | D:1      | Reached XP level 1. HP: 17/17 MP: 3/3
    96 | D:1      | Reached XP level 2. HP: 18/24 MP: 5/5
   283 | D:1      | Reached skill level 4 in Polearms
   344 | D:1      | Found a transporter.
   344 | D:1      | Found Boberchea's Armour Shop.
   406 | D:1      | Reached XP level 3. HP: 27/30 MP: 6/6
   475 | D:1      | Learned a level 2 spell: Momentum Strike
   690 | D:1      | Found a transporter.
  1114 | D:2      | Reached XP level 4. HP: 27/38 MP: 7/7
  1797 | D:3      | Reached skill level 1 in Translocations
  1952 | D:3      | Reached XP level 5. HP: 36/45 MP: 8/8
  2472 | D:3      | Found a shimmering blue altar of Sif Muna.
  2473 | D:3      | Found a shimmering altar of Xom.
  2888 | D:4      | Noticed an ogre
  3181 | D:4      | Found a sparkling altar of Nemelex Xobeh.
  3191 | D:4      | Reached skill level 5 in Polearms
  3235 | D:4      | Found a staircase to the Ecumenical Temple.
  3238 | D:4      | Noticed an ogre
  3296 | D:4      | Reached XP level 6. HP: 46/52 MP: 10/10
  3520 | D:4      | Noticed Blork the orc
  3644 | D:4      | Reached skill level 6 in Polearms
  3875 | Temple   | Entered the Ecumenical Temple
  3899 | Temple   | Became a worshipper of Gozag Ym Sagoz the Greedy
  3971 | D:4      | Killed Blork the orc
  3972 | D:4      | Your scales start taking on a golden yellow colour.
  3972 | D:4      | Reached XP level 7. HP: 19/59 MP: 8/11
  3972 | D:4      | Gained mutation: You are resistant to acid. (rCorr) [Yellow
                  | Draconian growth]
  4450 | D:5      | Entered Level 5 of the Dungeon
  4458 | D:5      | You fall into a shaft and drop 2 floors!
  4477 | D:7      | Reached skill level 5 in Conjurations
  5034 | D:7      | Reached XP level 8. HP: 42/67 MP: 13/13
  5296 | D:7      | Noticed a boulder beetle
  5314 | D:7      | Quit the game

Illustrated notes

Levels and vault maps discovered:
D:1:      matt_arrival_grand_opening, layout_rooms, serial_shops,
          nicolae_shop_drivethru, serial_bayou_lagoon_a
D:2:      layout_basic
D:3:      layout_basic, chequers_temple_overflow_statue_of_worship
D:4:      layout_loops_ring, nemelex_xobeh_ov_fountains_minmay,
          minmay_temple_entry_tees, uniq_blork_the_orc
D:5:      layout_cave_pools, serial_undead, serial_undead_b, serial_undead_f,
          serial_undead_f, serial_undead_c, serial_undead_f, serial_undead_a,
          serial_undead_d, uniq_crazy_yiuf_cottage
D:6:      layout_rooms, serial_rivers, chequers_serial_rivers_small_a,
          chequers_serial_rivers_small_3, chequers_serial_rivers_small_b,
          chequers_serial_rivers_room_a, chequers_serial_rivers_large_a,
          uniq_menkaure, uniq_duvessa
D:7:      minmay_the_grid_octo_2x2 [minmay_the_grid_octo_checkerflower,
          minmay_the_grid_octo_shrine, minmay_the_grid_octo_clover,
          minmay_the_grid_octo_prize_ultimate_mussel_roller],
          layout_loops_corners, uniq_maggie
D:8:      layout_basic, marbit_many_paths, nicolae_overflow_hidden_temple,
          nicolae_overflow_quartered_altars, minivault_21
Temple:   chequers_temple_sunken

Skill      XL: |  1  2  3  4  5  6  7 |
---------------+----------------------+-----
Polearms       | 4 5 6 |  6.5
Fighting       | 3 4 |  4.8
Translocations | 1 |  1.0
Spellcasting   | 3 |  3.7
Conjurations   | 4 5 |  5.6
Dodging        | 2 |  2.9

Action                     |  1- 3 |  4- 6 |  7- 9 || total
---------------------------+-------+-------+-------++-------
  Melee: Spear             |   173 |       |       ||   173
         Tailslap          |    20 |    17 |    16 ||    53
         Trident           |    17 |   206 |   127 ||   350
         Punch             |       |       |     1 ||     1
   Cast: Momentum Strike   |       |    10 |     2 ||    12
         Kiss of Death     |       |     1 |       ||     1
Ability: Breathe Acid      |       |       |     6 ||     6
    Use: Scroll            |     3 |     3 |     3 ||     9
         Potion            |       |     2 |     3 ||     5
   Stab: Sleeping          |     3 |     6 |       ||     9
         Distracted        |       |       |     1 ||     1
 Armour: Skin              |    84 |   105 |   112 ||   301
  Dodge: Dodged            |   105 |   125 |   114 ||   344

Table legend: (Time is in decaauts)
 A = Elapsed time spent in this place.
 B = Non-inter-level travel time spent in this place.
 C = Inter-level travel time spent in this place.
 D = Time resting spent in this place.
 E = Time spent auto-exploring this place.
 F = Levels seen in this place.
 G = Mean time per level.
                   A        B        C        D        E       F      G
               +--------+--------+--------+--------+--------+-----+--------+
         Total |   5347 |   5085 |    262 |   1626 |   1915 |   9 |  594.1 |
       Dungeon |   5292 |   5052 |    240 |   1626 |   1915 |   8 |  661.5 |
        Temple |     54 |     33 |     21 |      0 |      0 |   1 |   54.0 |
               +--------+--------+--------+--------+--------+-----+--------+

Top non-repeatable levels by time:
     D:3: 1522 daAuts
     D:4: 1170 daAuts
     D:2: 986 daAuts
     D:1: 747 daAuts
     D:7: 515 daAuts
     D:8: 268 daAuts
     D:6: 75 daAuts
  Temple: 54 daAuts
     D:5: 7 daAuts
